 Dungeon Crawl Stone Soup version 0.25.0-1-g7eea58d2a3 (webtiles) character file.

Game seed: 12615806665322578789

9627 Fv001 the Party-goer (level 11, 0/81 HPs)
             Began as a Demonspawn Fighter on June 13, 2020.
             Was a Follower of Uskayaw.
             Slain by an efreet
             ... wielding a +4 scimitar of flaming
              (3 damage)
             ... on level 3 of the Abyss.
             The game lasted 00:34:47 (10714 turns).

Fv001 the Party-goer (Demonspawn Fighter)          Turns: 10714, Time: 00:34:47

Health: 0/81       AC: 20    Str: 17    XL:     11   Next: 25%
Magic:  18/18      EV: 14    Int:  9    God:    Uskayaw [*.....]
Gold:   290        SH: 10    Dex: 16    Spells: 10/10 levels left

rFire    . . .     SeeInvis .   a - +0 short sword (venom)
rCold    . . .     Gourm    .   c - +0 kite shield
rNeg     . . .     Faith    +   k - +0 plate armour
rPois    .         Spirit   .   (helmet restricted)
rElec    .         Reflect  .   n - +0 cloak
rCorr    .         Harm     .   y - +0 pair of gloves
MR       +....                  J - +1 pair of boots {run}
Stlth    ..........             h - amulet of faith
HPRegen  0.23/turn              g - ring "Icawex" {+Fly MR+ Slay+3}
MPRegen  0.16/turn              I - +4 ring of evasion

@: mighty, agile, quick
A: horns 2, slimy green scales 2, demonic guardian 1, powered by pain 2
a: Stomp, Renounce Religion, Evoke Flight


You were on level 3 of the Abyss.
You worshipped Uskayaw.
Uskayaw was aware of your devotion.
You were hungry.

You visited 2 branches of the dungeon, and saw 11 of its levels.
You visited the Abyss 1 time.

You collected 567 gold pieces.
You spent 277 gold pieces at shops.

Inventory:

Hand Weapons
 a - a +0 short sword of venom (weapon)
 b - a +0 dagger
 E - a +0 morningstar
 F - a +0 rapier
Armour
 c - a +0 kite shield (worn)
 k - a +0 plate armour (worn)
 n - a +0 cloak (worn)
 y - a +0 pair of gloves (worn)
 J - a +1 pair of boots of running (worn)
Jewellery
 g - the ring "Icawex" (left hand) {+Fly MR+ Slay+3}
   (You found it on level 10 of the Dungeon)

   [ring of flight]

   It affects your accuracy and damage with ranged weapons and melee attacks
   (+3).
   It affects your resistance to hostile enchantments.
   It lets you fly.
 h - an amulet of faith (around neck)
 r - a +6 ring of strength
 x - an uncursed ring of protection from magic
 C - an uncursed ring of poison resistance
 D - an uncursed ring of protection from magic
 H - an uncursed amulet of magic regeneration {unknown}
 I - a +4 ring of evasion (right hand)
Wands
 m - a wand of disintegration (19)
 p - a wand of acid (9)
 q - a wand of iceblast (17)
 G - a wand of paralysis (10)
 L - a wand of random effects (10)
Scrolls
 e - a scroll of fog {unknown}
 i - 8 scrolls of teleportation
 j - 3 scrolls of magic mapping {unknown}
 s - 2 scrolls of enchant weapon {unknown}
 u - 3 scrolls of fear
 w - 4 scrolls of remove curse
 z - a scroll of vulnerability {unknown}
 B - a scroll of noise {unknown}
Potions
 d - 2 potions of might
 l - a potion of curing
 o - 3 potions of lignification
 t - 3 potions of flight {unknown}
 A - 3 potions of berserk rage
 K - a potion of cancellation {unknown}
 M - a potion of heal wounds {unknown}
Comestibles
 f - 17 rations
 v - 3 chunks of flesh


   Skills:
 + Level 6.2 Fighting
 + Level 5.1 Short Blades
 + Level 8.1 Maces & Flails
 + Level 6.5 Armour
 + Level 3.0 Dodging
 + Level 4.7 Stealth
 + Level 6.6 Shields
 * Level 9.6 Invocations


You had 10 spell levels left.
You didn't know any spells.
Your spell library was empty.

Dungeon Overview and Level Annotations

Branches:
Dungeon (10/15)            Temple (1/1) D:4            Lair (0/6) D:9
    Orc: D:9-12

Altars:
Ashenzari
Cheibriados
Dithmenos
Elyvilon
Fedhas
Gozag
Hepliaklqana
Kikubaaqudgha
Makhleb
Nemelex Xobeh
Okawaru
Qazlal
Ru
Sif Muna
Trog
Uskayaw
Vehumet
Wu Jian
Xom
Yredelemnul
Zin
The Shining One

Shops:
D:4 (   D:5 =   D:7 (   D:8 [


Innate Abilities, Weirdness & Mutations

You have a pair of horns on your head.
You are mostly covered in slimy green scales. (AC +3)
A weak demonic guardian rushes to your aid.
You sometimes gain power by taking damage.


Message History

The blink frog blinks!
The worldbinder hits you but does no damage. x2
The efreet gestures at you. The bolt of fire hits you!!
* * * LOW HITPOINT WARNING * * *
You focus on the pain.
You feel agile all of a sudden.
You can no longer pass through a line of other dancers.
Okay, then.
As you read the scroll of fear, it crumbles to dust.
You assume a fearsome visage.
The worldbinder is unaffected.
The efreet is unaffected.
The small abomination is unaffected.
The large abomination is unaffected.
The dream sheep looks frightened!
The dream sheep is struck with panic!
The blink frog looks frightened!
The blink frog blinks!
The worldbinder hits you but does no damage. x2
The efreet hits you with a +4 scimitar of flaming.
* * * LOW HITPOINT WARNING * * *
The efreet burns you.
You die...

#### # .}
### x## #
#@##..#.##.
#RxX8.x§....
#5##F##.##3#
#Y##.# ##
###...#
##.## #.#
.≈. #.#


You could see a large abomination, a worldbinder, an efreet, a blink frog
(summoned), a small abomination, a dream sheep (summoned, fleeing) and a
friendly shadow imp (summoned).

Vanquished Creatures
  2 wizards (D:10)
  A centaur zombie (D:10)
  Prince Ribbit (D:7)
  A hippogriff (D:9)
  A spriggan (D:8)
  Sigmund (D:3)
  12 yaks (D:9)
  2 hungry ghosts
  A basilisk (D:9)
  A water moccasin (D:8)
  A black bear (D:9)
  4 phantoms
  A sky beast (D:8)
  3 ice beasts
  8 ogres
  2 centaurs
  2 crocodiles
  2 bullfrogs (D:9)
  A big kobold (D:8)
  A gnoll sergeant (D:5)
  Dowan (D:4)
  A wyvern zombie (D:9)
  A wyvern skeleton (D:8)
  3 scorpions
  4 wights (D:9)
  2 jellies
  5 crimson imps
  2 bullfrog zombies (D:7)
  2 quasits (D:9)
  5 hounds
  An orc priest (D:8)
  3 bullfrog skeletons
  5 orc wizards
  2 iguanas
  Ijyb (D:3)
  14 worker ants
  A killer bee zombie (D:8)
  A hound zombie (D:5)
  A hound skeleton (D:6)
  A worker ant zombie (D:9)
  4 gnolls
  8 adders
  3 shadow imps
  An ufetubus (Abyss:3)
  2 adder zombies
  3 worms
  6 leopard geckos
  13 orcs
  A ball python (D:1)
  11 bats
  6 giant cockroaches
  6 goblins
  7 hobgoblins
  5 jackals
  13 kobolds
  5 quokkas
  2 frilled lizards
  A giant cockroach zombie (D:5)
  2 leopard gecko zombies
  A quokka skeleton (D:5)
  A quokka zombie (D:5)
  5 rats
210 creatures vanquished.

Vanquished Creatures (collateral kills)
  3 wizards (D:10)
  3 yaks (D:9)
  Duvessa (D:4)
  An ogre (D:9)
  A howler monkey (D:4)
  2 orc priests (D:3)
  A bullfrog skeleton (D:6)
  3 gnolls
  3 orcs
  A jackal (D:7)
19 creatures vanquished.

Grand Total: 229 creatures vanquished

Notes
Turn   | Place    | Note
-------+----------+-------------------------------------------
     0 | D:1      | Fv001 the Demonspawn Fighter began the quest for the Orb.
     0 | D:1      | Reached XP level 1. HP: 18/18 MP: 1/1
   232 | D:1      | Gained mutation: You have a pair of small horns on your
                  | head. [demonic ancestry]
   232 | D:1      | Reached XP level 2. HP: 24/24 MP: 2/2
   917 | D:2      | Gained mutation: A weak demonic guardian rushes to your
                  | aid. [demonic ancestry]
   917 | D:2      | Reached XP level 3. HP: 21/29 MP: 3/3
  1869 | D:3      | Gained mutation: You are partially covered in slimy green
                  | scales. (AC +2) [demonic ancestry]
  1869 | D:3      | Reached XP level 4. HP: 35/35 MP: 4/4
  2423 | D:3      | Noticed Sigmund
  2431 | D:3      | Killed Sigmund
  2431 | D:3      | Gained mutation: You are mostly covered in slimy green
                  | scales. (AC +3) [demonic ancestry]
  2431 | D:3      | Reached XP level 5. HP: 41/41 MP: 5/5
  2490 | D:3      | Noticed Ijyb
  2497 | D:3      | Killed Ijyb
  2558 | D:3      | Gained mutation: You sometimes gain a little power by
                  | taking damage. [demonic ancestry]
  2558 | D:3      | Reached XP level 6. HP: 48/48 MP: 6/6
  2575 | D:3      | Noticed an ice beast
  2591 | D:3      | Killed an ice beast
  3257 | D:4      | Found a staircase to the Ecumenical Temple.
  3266 | D:4      | Reached skill level 1 in Dodging
  3266 | D:4      | Reached XP level 7. HP: 54/54 MP: 7/7
  3270 | D:4      | Reached skill level 5 in Maces & Flails
  3278 | Temple   | Entered the Ecumenical Temple
  3525 | Temple   | Became a worshipper of Uskayaw the Reveler
  3712 | D:4      | Reached * piety under Uskayaw
  3719 | D:4      | Reached ** piety under Uskayaw
  3856 | D:4      | Noticed Duvessa
  3856 | D:4      | Noticed Dowan
  3866 | D:4      | Killed Duvessa
  3866 | D:4      | Reached skill level 1 in Stealth
  3866 | D:4      | Reached skill level 1 in Invocations
  3868 | D:4      | Killed Dowan
  3868 | D:4      | Reached *** piety under Uskayaw
  4239 | D:4      | Reached skill level 2 in Invocations
  4244 | D:4      | Reached **** piety under Uskayaw
  4443 | D:4      | Found Loucoiplo's Weapon Boutique.
  4503 | D:5      | Entered Level 5 of the Dungeon
  4745 | D:5      | Gained mutation: You have a pair of horns on your head.
                  | [demonic ancestry]
  4745 | D:5      | Reached XP level 8. HP: 56/61 MP: 10/10
  4751 | D:5      | Reached skill level 3 in Invocations
  5235 | D:5      | Found Pauppan's Jewellery Shoppe.
  5643 | D:6      | Reached skill level 4 in Invocations
  5808 | D:6      | Reached ***** piety under Uskayaw
  5957 | D:6      | Reached skill level 5 in Armour
  6277 | D:6      | Gained mutation: You sometimes gain power by taking damage.
                  | [demonic ancestry]
  6277 | D:6      | Reached XP level 9. HP: 42/67 MP: 12/12
  6721 | D:6      | Reached skill level 5 in Invocations
  6848 | D:7      | Noticed Prince Ribbit
  6871 | D:7      | Killed Prince Ribbit
  6881 | D:7      | Reached skill level 5 in Fighting
  7272 | D:7      | Found a radiant altar of Vehumet.
  7282 | D:7      | Found Gink's Weapon Boutique.
  7518 | D:7      | Reached skill level 6 in Invocations
  8108 | D:8      | Found Kutoh's Antique Armour Shoppe.
  8133 | D:8      | Bought a pair of glowing boots for 277 gold pieces
  8138 | D:8      | Identified a +1 pair of boots of running (You bought it in
                  | a shop on level 8 of the Dungeon)
  8321 | D:8      | Reached skill level 5 in Shields
  8507 | D:8      | Reached skill level 7 in Invocations
  8558 | D:8      | Reached skill level 1 in Short Blades
  8672 | D:9      | Reached XP level 10. HP: 73/74 MP: 15/15
  8705 | D:9      | Found a staircase to the Lair.
  9159 | D:9      | Reached skill level 8 in Invocations
  9424 | D:9      | Reached ****** piety under Uskayaw
  9884 | D:9      | Reached skill level 9 in Invocations
 10126 | D:10     | Entered Level 10 of the Dungeon
 10203 | D:10     | Got a clouded copper ring
 10205 | D:10     | Identified the ring "Icawex" {+Fly MR+ Slay+3} (You found
                  | it on level 10 of the Dungeon)
 10276 | D:10     | Noticed a wizard
 10286 | D:10     | Killed a wizard
 10286 | D:10     | Reached XP level 11. HP: 66/81 MP: 17/17
 10368 | D:10     | Noticed a wizard
 10371 | D:10     | Noticed a wizard
 10379 | D:10     | Killed a wizard
 10386 | D:10     | Killed a wizard
 10493 | D:10     | Noticed a wizard
 10511 | D:10     | Killed a wizard
 10581 | D:10     | Noticed a wizard
 10601 | D:10     | Killed a wizard
 10601 | D:10     | Reached skill level 5 in Short Blades
 10665 | D:10     | Noticed a wizard
 10671 | D:10     | Found the +3 warlock's mirror {reflect}
 10687 | D:10     | Cast into level 3 of the Abyss (a wizard)
 10701 | Abyss:3  | Noticed a +0 halberd of pain
 10714 | Abyss:3  | HP: 3/81 [efreet/+4 scimitar of flaming (6)]
 10714 | Abyss:3  | Slain by an efreet

Illustrated notes

Levels and vault maps discovered:
D:1:      minmay_arrival_stair_chambers, layout_basic
D:2:      layout_loops_ring
D:3:      layout_loops_corners, uniq_sigmund, uniq_ijyb
D:4:      layout_loops_cross, minmay_temple_entry_hall, serial_shops,
          nicolae_shop_window_shopping, uniq_duvessa
D:5:      layout_loops_corners, serial_shops, shop, first_ration,
          minmay_misc_feat_cross
D:6:      layout_basic
D:7:      layout_rooms, overflow_temple_1_default, serial_shops, shop,
          grunt_potential, uniq_prince_ribbit1
D:8:      layout_rooms, serial_shops, shop_statue, grunt_pizzeria
D:9:      layout_long_grid, david_lair_generic
D:10:     minmay_smoke_and_mirrors, layout_loops_cross, nicolae_ru_path_of_blood
Temple:   roderic_octagonal_lattice_temple
Abyss:3:  base: D:5, base: D:6, hangedman_cross_veins, minivault_19

Skill      XL: |  1  2  3  4  5  6  7  8  9 10 11 |
---------------+----------------------------------+-----
Shields        | 3 4 5 6 |  6.6
Armour         | 3 4 5 6 |  6.5
Maces & Flails | 2 3 4 5 7 8 |  8.1
Fighting       | 4 5 6 |  6.2
Dodging        | 1 2 3 |  3.0
Stealth        | 1 2 3 4 |  4.7
Invocations    | 2 4 7 9 |  9.6
Short Blades   | 1 4 5 |  5.1

Action                   |  1- 3 |  4- 6 |  7- 9 | 10-12 || total
-------------------------+-------+-------+-------+-------++-------
Melee: Flail             |   114 |    87 |       |       ||   201
       Headbutt          |    17 |    18 |    95 |   100 ||   230
       Morningstar       |       |     5 |   243 |       ||   248
       Dagger            |       |       |    21 |     2 ||    23
       Short sword       |       |       |   117 |   233 ||   350
       Rapier            |       |       |       |    58 ||    58
Invok: Stomp             |       |       |     2 |       ||     2
       Line Pass         |       |       |     2 |     1 ||     3
       Grand Finale      |       |       |       |     1 ||     1
  Use: Scroll            |     3 |     1 |     5 |     2 ||    11
       Potion            |       |     4 |     1 |     2 ||     7
 Stab: Distracted        |       |     1 |     4 |     1 ||     6
       Paralysed         |       |       |    13 |    10 ||    23
       Invisible         |       |       |     1 |       ||     1
       Confused          |       |       |     1 |     1 ||     2
  Eat: Chunk             |     3 |     5 |    23 |     7 ||    38
Armor: Scale mail        |    55 |    47 |    93 |       ||   195
       Plate armour      |       |       |    60 |   194 ||   254
Dodge: Dodged            |    22 |    19 |    91 |   102 ||   234
Block: Kite shield       |    50 |    38 |   182 |   150 ||   420
